 Dungeon Crawl Stone Soup version 0.30-a0-954-gcf5f444c16 (webtiles) character file.

Game seed: 16778706442525950458

206214 112233 the Eclecticist (level 18, -8/110 HPs)
             Began as a Deep Elf Necromancer on Mar 29, 2023.
             Was an Initiate of Gozag.
             Mangled by a black mamba (12 damage)
             ... on level 4 of the Snake Pit.
             The game lasted 01:31:44 (57481 turns).

112233 the Eclecticist (Deep Elf Necromancer)      Turns: 57481, Time: 01:31:45

Health: -8/110     AC:  8    Str:  1    XL:     18   Next: 6%
Magic:  28/44      EV: 22    Int: 41    God:    Gozag
Gold:   914        SH:  5    Dex: 15    Spells: 15/57 levels left

rFire   . . .      SeeInvis .    a - staff of death
rCold   . . .      Faith    .    (no shield)
rNeg    + . .      Spirit   .    k - +1 robe "Rairray" {rElec rPois Str-4 Archmagi}
rPois   +          Reflect  +    X - +2 hat
rElec   +          Rampage  .    T - scarf {shadows}
rCorr   .          Archmagi +    n - +2 pair of gloves
Will    +....                    (no boots)
Stlth   ++                       U - amulet of reflection
HPRegen 0.38/turn                b - +6 ring of intelligence
MPRegen 0.29/turn                Z - +6 ring of intelligence

@: lethally poisoned (-8 -> -19), gold aura, studying Armour
A: no striking features
}: 1/15 runes: barnacled
a: Renounce Religion, Potion Petition, Call Merchant, Bribe Branch


You were on level 4 of the Snake Pit.
You worshipped Gozag.
Gozag was pleased with you.
You visited 6 branches of the dungeon, and saw 31 of its levels.
You also visited: Sewer.

You collected 10213 gold pieces.
You spent 2821 gold pieces at shops.
You paid 6478 gold pieces to Gozag.

Inventory:

Missiles
 I - 3 throwing nets
Armour
 k - the +1 robe "Rairray" (worn) {rElec rPois Str-4 Archmagi}
   (You found it on level 5 of the Lair of Beasts)

   Str:       It affects your strength (-4).
   rElec:     It insulates you from electricity.
   rPois:     It protects you from poison.
   Archmagi:  It increases the power of your magical spells.
 l - a +2 robe of resistance
 n - a +2 pair of gloves (worn)
 T - a scarf of shadows (worn)
 X - a +2 hat (worn)
Magical Staves
 a - a staff of death (weapon)
 S - the staff of conjuration "Qum Fadd" {+Blink rElec rF- rN++}
   (You found it on level 4 of the Shoals)

   [staff of conjuration]

   Base accuracy: +5 Base damage: 5 Base attack delay: 1.2 This weapon's minimum
   attack delay (0.6) is reached at skill level 12.
   rF:        It makes you vulnerable to fire.
   rElec:     It insulates you from electricity.
   rN:        It greatly protects you from negative energy.
   +Blink:    It lets you blink.
   It falls into the 'Staves' category.
   It is a one-handed weapon.
Jewellery
 b - a +6 ring of intelligence (left hand)
 i - a ring of wizardry
 j - the ring of Xidetiv {rF+ rCorr Dex+4 Slay+2}
   (You found it on level 13 of the Dungeon)

   [ring of resist corrosion]

   Dex:       It affects your dexterity (+4).
   Slay:      It affects your accuracy & damage with ranged weapons and melee
   (+2).
   rF:        It protects you from fire.
   rCorr:     It protects you from acid and corrosion.
 z - a ring of resist corrosion
 R - the amulet of Ezxaxtes {Acrobat +Inv}
   (You took it off a merfolk on level 4 of the Shoals)

   [amulet of the acrobat]

   It increases your evasion while moving and waiting.
   +Inv:      It lets you turn invisible.
 U - an amulet of reflection (around neck)
 Z - a +6 ring of intelligence (right hand)
Wands
 r - a wand of acid (2)
 y - a wand of paralysis (36)
 F - a wand of mindburst (17) (quivered)
 P - a wand of digging (4)
 V - a wand of polymorph (9)
Scrolls
 c - 4 scrolls of vulnerability
 d - 16 scrolls of identify
 f - 7 scrolls of immolation
 s - 5 scrolls of silence
 t - 5 scrolls of magic mapping
 u - 3 scrolls of torment
 w - 3 scrolls of blinking
 A - 5 scrolls of enchant armour
 B - 3 scrolls of poison
 E - 6 scrolls of amnesia
 J - a scroll of brand weapon
 K - 4 scrolls of fog
 O - 6 scrolls of fear
 Y - 7 scrolls of teleportation
Potions
 e - a potion of magic
 g - 7 potions of attraction
 h - 9 potions of curing
 o - 2 potions of invisibility
 p - 12 potions of flight
 v - 3 potions of ambrosia
 x - a potion of brilliance {unknown}
 C - 2 potions of heal wounds
 D - 4 potions of berserk rage
 H - 5 potions of mutation
 L - a potion of haste
 M - 3 potions of might
 N - 2 potions of cancellation
 Q - 2 potions of resistance
Miscellaneous
 m - a phantom mirror
 q - a condenser vane (inert)
 G - a piece from Xom's chessboard (15/15)
 W - a phial of floods


   Skills:
 + Level 13.4 Fighting
 + Level 18.8 Dodging
 - Level 2.7 Stealth
 + Level 20.3 Spellcasting
 + Level 13.2 Summonings
 - Level 16.2 Necromancy
 - Level 2.9 Earth Magic
 + Level 9.6 Evocations


You had 15 spell levels left.
You knew the following spells:

 Your Spells              Type           Power      Damage    Failure   Level
a - Borgnjor's Vile Clut  Necr/Erth      67%        N/A       1%          5
b - Vampiric Draining     Necr           100%       2d13      0%          3
c - Haunt                 Necr/Summ      76%        N/A       1%          7
d - Sublimation of Blood  Necr           100%       N/A       0%          2
e - Summon Lightning Spi  Summ/Air       97%        N/A       1%          4
f - Agony                 Necr           100%       N/A       1%          5
h - Borgnjor's Revivific  Necr           78%        N/A       4%          8
i - Infestation           Necr           78%        N/A       4%          8

Your spell library contained the following spells:

 Spells                   Type           Power      Damage    Failure   Level
 Necrotise                Necr           100%       1d9       0%          1
 Summon Small Mammal      Summ           100%       N/A       0%          1
 Call Imp                 Summ           100%       N/A       0%          2
 Call Canine Familiar     Summ           100%       N/A       0%          3
 Dispel Undead            Necr           100%       3d31      0%          4
 Foxfire                  Conj/Fire      100%       2x1d6     1%          1
 Freeze                   Ice            100%       1d10      1%          1
 Kiss of Death            Conj/Necr      100%       2d13      1%          1
 Magic Dart               Conj           100%       1d8       1%          1
 Sandblast                Erth           100%       2d20      1%          1
 Cigotuvi's Dreadful Rot  Necr/Pois/Air  100%       N/A       1%          2
 Passwall                 Tmut/Erth      57%        N/A       1%          2
 Static Discharge         Conj/Air       100%       2-7/arc   1%          2
 Wereblood                Tmut           58%        N/A       1%          2
 Frozen Ramparts          Ice            100%       1d16      1%          3
 Gell's Gravitas          Tloc           58%        N/A       1%          3
 Hailstorm                Conj/Ice       58%        3d13      1%          3
 Kindle Blastsparks       Fire/Tloc/Air  100%       2d18      1%          3
 Mephitic Cloud           Conj/Pois/Air  58%        N/A       1%          3
 Stone Arrow              Conj/Erth      100%       3d13      1%          3
 Summon Guardian Golem    Hex/Summ       97%        N/A       1%          3
 Teleport Other           Tloc           58%        N/A       1%          3
 Tukima's Dance           Hex            58%        N/A       1%          3
 Vhi's Electric Charge    Tloc/Air       100%       N/A       1%          3
 Animate Armour           Summ/Erth      100%       N/A       1%          4
 Summon Mana Viper        Hex/Summ       97%        N/A       1%          5
 Death Channel            Necr           78%        N/A       1%          6
 Summon Hydra             Summ           61%        N/A       2%          7
 Lee's Rapid Deconstruct  Erth           39%        3d19*     4%          5
 Flame Wave               Conj/Fire      58%        2d14      6%          4
 Fulminant Prism          Conj/Hex       29%        3d13      6%          4
 Ice Form                 Ice/Tmut       58%        N/A       6%          4
 Iskenderun's Mystic Bla  Conj/Tloc      58%        2d12      6%          4
 Passage of Golubria      Tloc           58%        N/A       6%          4
 Sticky Flame             Conj/Fire      58%        2d7       6%          4
 Arcjolt                  Conj/Air       29%        1d39      16%         5
 Fireball                 Conj/Fire      29%        3d13      16%         5
 Iskenderun's Battlesphe  Conj           58%        2d11      16%         5
 Plasma Beam              Fire/Air       29%        2x1d30    16%         5
 Silence                  Hex/Air        29%        N/A       16%         5
 Yara's Violent Unravell  Hex/Tmut       29%        3d12      16%         5
 Summon Horrible Things   Summ           61%        N/A       17%         8
 Spellforged Servitor     Conj/Summ      48%        N/A       32%         7
 Iron Shot                Conj/Erth      34%        9d7       43%         6
 Death's Door             Necr           78%        N/A       58%         9
 Dispersal                Tloc           29%        N/A       65%         6
 Starburst                Conj/Fire      29%        6d9       65%         6
 Storm Form               Tmut/Air       29%        N/A       99%         7
 Lehudib's Crystal Spear  Conj/Erth      34%        10d9      100%        8
 Maxwell's Capacitive Co  Air            29%        ∞         100%        8
 Fire Storm               Conj/Fire      29%        8d7       100%        9
 Animate Dead             Necr           Unusable   N/A       N/A         4

Dungeon Overview and Level Annotations

Branches:
Dungeon (15/15)            Temple (1/1) D:7            Lair (5/5) D:9
 Shoals (4/4) Lair:2        Snake (4/4) Lair:2        Slime (0/5) Lair:5
    Orc (2/2) D:10            Elf (0/3) Orc:2        Vaults (0/5) D:14
 Depths (0/4) D:15          Sewer (visited)

Altars:
Dithmenos
Elyvilon
Gozag
Kikubaaqudgha
Nemelex Xobeh
Qazlal
Ru
Sif Muna
Trog
Uskayaw
Vehumet
Wu Jian
Xom
Yredelemnul
Zin
Jiyva

Shops:
D:4 (   D:15 :   Orc:2 *=*   Shoals:1 :   Snake:1 [   Snake:3 *   Snake:4 *(*

Annotations:
D:4 1 runed translucent door, 112233's ghost, novice OpEE
D:8 2 transporters, exclusion: downstairs, CryoSword's ghost, novice DgIE


Message History

You block the black mamba's attack.
The naga sharpshooter shoots an arrow.
The arrow hits your wraith!
The naga sharpshooter shoots an arrow.
The arrow hits your death scarab!
The naga sharpshooter gestures wildly while chanting.
The naga sharpshooter magically shoots an arrow.
The arrow hits you!!
* * * LOW HITPOINT WARNING * * *
You block the black mamba's attack.
Your wraith hits the naga sharpshooter!
Your wraith drains the naga sharpshooter's vigour!
The naga sharpshooter seems to slow down.
Your wraith hits the naga sharpshooter but does no damage.
Unknown command.
Unknown command.
The zombie hands constrict the naga sharpshooter!!
You kill the naga sharpshooter!
The zombie hands constrict the naga sharpshooter!
* * * LOW HITPOINT WARNING * * *
You feel very sick.
Your death scarab bites the naga sharpshooter!!
The naga sharpshooter dies!
The black mamba barely misses you.
The naga sharpshooter struggles to escape constriction.
Your wraith hits the naga sharpshooter!
Your phantasmal warrior hits the naga sharpshooter!!
The naga sharpshooter dies!
A death scarab bursts from the naga sharpshooter!
Your wraith hits the naga sharpshooter but does no damage.
Casting: Haunt (dangerous; 1% risk of failure)
Confirm with . or Enter, or press ? or * to list all spells.
Aiming: Borgnjor's Vile Clutch (mildly dangerous; 1% risk of failure)
Press: ? - help, Shift-Dir - straight line, f - black mamba
Aim: a black mamba (ally target, 100% to hit)
You feel a strong surge of power!
Zombie hands grab the black mamba.
The zombie hands constrict the black mamba!
* * * LOW HITPOINT WARNING * * *
You feel very sick. The black mamba bites you!
You die...
Your body crumbles into a pile of gold.

#........
#.....######### §§..##
#..........#..#.
§§....##∩.∩....<.....##
§§.....#...............
..B.....∩.∩#...........
..).....8.#####.)......
BW........## ##)...##..
WW...S@....###.....##..
WWN...##....##..)....∩.
§§...# ##....#.)......#
§§§.§ ##........##..#
#.§§ ##.......##..<
##§§ ###.......... ##
########... #... ##..


You could see a naga sharpshooter (infested, ally target), a black mamba
(clutched, ally target), 2 friendly phantasmal warriors, 3 friendly wraiths, 2
friendly death scarabs and a friendly lightning spire (summoned).

Vanquished Creatures
  Aizul (Snake:3)
  A merfolk impaler (Shoals:4)
  3 merfolk javelineers
  A salamander tyrant (Snake:3)
  4 hydras
  2 merfolk avatars
  2 centaur warriors
  2 anacondas
  6 boulder beetles
  4 merfolk aquamancers
  6 two-headed ogres
  A satyr (Shoals:4)
  4 naga warriors
  A tengu warrior (D:15)
  2 orc high priests (Orc:1)
  Urug (Lair:3)
  4 naga sharpshooters
  4 shock serpents
  A fire crab (Lair:5)
  A shadow wraith (Shoals:3)
  2 skysharks
  5 salamander mystics (Snake:3)
  5 sea snakes
  A naga ritualist (Snake:4)
  3 orc knights
  A wizard (D:11)
  A deep elf pyromancer (D:15)
  2 harpies
  A necromancer (D:14)
  13 salamanders
  3 mana vipers
  A wolf spider (D:15)
  An orc sorcerer (Orc:1)
  5 ugly things
  4 manticores
  A cyclops (D:13)
  5 elephants
  16 black mambas
  2 guardian serpents (Snake:3)
  2 water nymphs (Shoals:4)
  8 naga magi
  A gargoyle (D:13)
  A torpor snail (Lair:4)
  5 cane toads
  An unseen horror (D:11)
  5 tengu conjurers
  6 komodo dragons
  Psyche (D:10)
  3 kobold demonologists
  A yaktaur (D:13)
  9 merfolk
  2 trolls
  3 wind drakes
  2 polar bears
  3 raiju (Lair:5)
  A dream sheep (Shoals:3)
  2 tyrant leeches (Lair:4)
  A hornet (shapeshifter) (D:11)
  12 blink frogs
  A nameless horror (Shoals:4)
  3 snapping turtles
  2 slime creatures
  A vampire (D:11)
  A spriggan (shapeshifter) (D:13)
  2 shadows (D:10)
  2 wyverns
  7 water elementals (Shoals:4)
  12 yaks
  2 basilisks
  Grum (Lair:1)
  7 vampire mosquitoes
  2 steam dragons
  29 nagas
  2 wargs
  2 swamp worms (Lair:4)
  3 acid dragons
  2 hell hounds
  Duvessa (D:7)
  7 water moccasins
  2 ice beasts
  19 orc warriors
  3 sky beasts
  4 black bears
  5 ogres
  9 centaurs
  13 wolves
  A phantom (D:10)
  6 bullfrogs
  A gnoll sergeant (D:11)
  4 kobold brigands
  A scorpion (D:6)
  3 troll zombies (D:10)
  3 jellies
  Dowan (D:7)
  15 killer bees
  6 electric eels
  3 howler monkeys (D:7)
  A hound (D:4)
  14 orc priests
  A gnoll bouda (D:8)
  3 iguanas
  Natasha (D:3)
  21 orc wizards
  4 ogre zombies (D:10)
  8 gnolls
  8 adders
  3 river rats (Sewer)
  2 shadow imps
  3 white imps
  5 worms
  3 dart slugs
  61 orcs
  12 ball pythons
  8 bats
  8 endoplasms
  3 giant cockroaches
  8 goblins
  5 hobgoblins
  11 jackals
  10 quokkas
  6 frilled lizards
  3 goblin skeletons (D:10)
  4 goblin zombies (D:10)
  A hobgoblin skeleton (D:10)
  3 hobgoblin zombies (D:10)
  36 kobolds
  5 orc skeletons (D:10)
  8 orc zombies (D:10)
  5 rats
654 creatures vanquished.

Vanquished Creatures (collateral kills)
  Vashnia (Snake:4)
  An acid blob (shapeshifter) (D:11)
  Frances (D:12)
  A shadow dragon (D:13)
  A storm dragon (Shoals:4)
  A nagaraja (Snake:2)
  Louise (D:14)
  Azrael (Orc:2)
  2 merfolk javelineers
  An ettin (D:13)
  5 merfolk impalers
  Josephine (D:10)
  A centaur warrior (Shoals:1)
  4 hydras
  2 ice dragons (D:15)
  4 boulder beetles
  4 two-headed ogres
  5 anacondas
  5 merfolk aquamancers
  3 naga warriors
  A satyr (Shoals:3)
  6 naga sharpshooters
  2 shock serpents
  2 skeletal warriors
  4 salamander mystics
  3 skysharks
  10 sea snakes
  A wizard (D:14)
  2 naga ritualists
  4 mana vipers
  A necromancer (D:14)
  6 harpies
  3 orc knights
  25 salamanders
  An orc sorcerer (D:13)
  6 ugly things
  5 cyclopes
  9 manticores
  4 fauns (Shoals:3)
  8 black mambas
  A guardian serpent (Snake:4)
  3 merfolk sirens
  A torpor snail (Lair:5)
  12 naga magi
  An eye of devastation (shapeshifter) (D:13)
  A cane toad (Lair:5)
  A torpor snail (shapeshifter) (D:11)
  3 water nymphs (Shoals:4)
  An unseen horror (D:11)
  4 kobold demonologists
  A freezing wraith (D:11)
  An efreet (D:15)
  A tengu conjurer (D:13)
  21 merfolk
  5 wind drakes
  2 trolls
  9 polar bears (Lair:5)
  2 raiju (Lair:5)
  2 dream sheep (Shoals:3)
  A centaur simulacrum (D:15)
  9 snapping turtles
  2 shadows (D:11)
  13 slime creatures
  8 yaks
  19 water elementals
  3 air elementals (Shoals:4)
  9 wraiths
  2 fire elementals
  A basilisk (shapeshifter) (D:14)
  6 vampire mosquitoes
  A nameless horror (Lair:5)
  A basilisk (D:13)
  4 wargs
  22 nagas
  An acid dragon (D:11)
  14 hell hounds
  18 orc warriors
  10 black bears (Lair:5)
  10 wolves (Lair:5)
  10 centaurs
  A kobold brigand (D:12)
  2 killer bees (D:11)
  A lava snake (Snake:1)
  5 orc priests
  A gnoll bouda (Orc:2)
  7 orc wizards
  An ogre zombie (D:10)
  An adder (Sewer)
  3 gnolls (Orc:2)
  A river rat (Sewer)
  11 orcs
  A goblin (D:1)
  A hobgoblin (D:1)
  A ball python (Sewer)
  A bat (Sewer)
  A frilled lizard (D:2)
  3 kobolds
  An orc zombie (D:10)
427 creatures vanquished.

Vanquished Creatures (others)
  A salamander (Snake:1)
  A naga (Snake:4)
  A hell hound (Orc:2)
  An orc warrior (Orc:2)
  A centaur (Orc:2)
  An iguana (D:6)
  2 orc wizards
  7 fungi
  137 plants
152 creatures vanquished.

Grand Total: 1233 creatures vanquished

Notes
Turn   | Place    | Note
-------+----------+-------------------------------------------
     0 | D:1      | 112233 the Deep Elf Necromancer began the quest for the
                  | Orb.
     0 | D:1      | Reached XP level 1. HP: 10/10 MP: 6/6
   122 | D:1      | Reached skill level 5 in Necromancy
   122 | D:1      | Reached XP level 2. HP: 15/15 MP: 2/8
   569 | D:1      | Reached XP level 3. HP: 20/20 MP: 8/10
   729 | D:2      | Identified the +4 mace of Hacking and Slashing {drain,
                  | Dex+5}
  1428 | D:2      | Reached skill level 1 in Fighting
  1475 | D:2      | Reached XP level 4. HP: 22/25 MP: 5/11
  1479 | D:2      | Learned a level 3 spell: Vampiric Draining
  1665 | D:3      | Reached skill level 4 in Spellcasting
  1988 | D:3      | Noticed Natasha
  1993 | D:3      | Killed Natasha
  1994 | D:3      | Reached XP level 5. HP: 29/29 MP: 8/13
  2220 | D:3      | Found a glowing drain.
  2235 | Sewer    | Entered a sewer
  3134 | D:3      | Found a basalt altar of Yredelemnul.
  3146 | D:3      | Found a sacrificial altar of Ru.
  3146 | D:3      | Found a shimmering altar of Xom.
  3370 | D:4      | Reached XP level 6. HP: 35/35 MP: 11/15
  3429 | D:4      | Reached skill level 5 in Spellcasting
  3520 | D:4      | Found a runed translucent door.
  3521 | D:4      | Noticed 112233's ghost (novice OpEE)
  3901 | D:4      | Learned a level 4 spell: Animate Dead
  3991 | D:4      | Found an ornate altar of the Wu Jian Council.
  4255 | D:4      | Reached skill level 5 in Dodging
  4255 | D:4      | Reached XP level 7. HP: 40/40 MP: 8/17
  4652 | D:4      | Found Naol's Antique Weapon Shop.
  4706 | D:5      | Entered Level 5 of the Dungeon
  5128 | D:5      | Reached skill level 6 in Spellcasting
  5876 | D:6      | Learned a level 2 spell: Sublimation of Blood
  5915 | D:6      | Reached XP level 8. HP: 43/44 MP: 5/20
  6111 | D:6      | Reached skill level 7 in Spellcasting
  7029 | D:7      | Reached skill level 8 in Spellcasting
  7204 | D:7      | Reached XP level 9. HP: 52/52 MP: 13/23
  7300 | D:7      | Noticed Duvessa
  7317 | D:7      | Killed Duvessa
  7321 | D:7      | Noticed Dowan
  7336 | D:7      | Killed Dowan
  7989 | D:7      | Found a staircase to the Ecumenical Temple.
  8011 | Temple   | Entered the Ecumenical Temple
  8191 | Temple   | Became a worshipper of Gozag Ym Sagoz the Greedy
  8227 | D:7      | Reached skill level 5 in Fighting
  8650 | D:8      | Found a transporter.
  8655 | D:8      | Found a transporter.
  8656 | D:8      | Noticed CryoSword's ghost (novice DgIE)
  8827 | D:8      | Reached skill level 9 in Spellcasting
  9352 | D:8      | HP: 4/81 [electric eel/bolt of electricity (4)]
  9738 | D:9      | Noticed a two-headed ogre
  9742 | D:9      | Noticed a two-headed ogre
  9902 | D:9      | Noticed a manticore
  9919 | D:9      | Killed a manticore
 10067 | D:9      | Killed a two-headed ogre
 10068 | D:9      | Reached skill level 10 in Spellcasting
 10068 | D:9      | Reached skill level 10 in Necromancy
 10068 | D:9      | Reached XP level 10. HP: 35/60 MP: 6/26
 10231 | D:9      | Paralysed by an orc for 2 turns
 10357 | D:9      | Learned a level 4 spell: Summon Lightning Spire
 10373 | D:9      | Found a staircase to the Lair.
 10382 | D:9      | Reached skill level 1 in Summonings
 10511 | D:9      | Killed a two-headed ogre
 10877 | D:9      | Found a stormy altar of Qazlal.
 11118 | D:10     | Entered Level 10 of the Dungeon
 11138 | D:10     | Noticed a harpy
 11187 | D:10     | Noticed an orange demon
 11494 | D:10     | Reached skill level 10 in Dodging
 11500 | D:10     | Learned a level 5 spell: Agony
 11517 | D:10     | Killed a harpy
 11518 | D:10     | Reached skill level 11 in Spellcasting
 11601 | D:10     | Noticed Josephine
 11605 | D:10     | Identified a scroll of acquirement
 11611 | D:10     | Acquired the Compilation of Rotting Geomancy
 11619 | D:10     | Learned a level 5 spell: Borgnjor's Vile Clutch
 11744 | D:10     | Noticed a boulder beetle
 11761 | D:10     | Killed a boulder beetle
 11784 | D:10     | Noticed a two-headed ogre
 11813 | D:10     | Killed a two-headed ogre
 11814 | D:10     | Reached XP level 11. HP: 66/66 MP: 6/28
 12661 | Lair:1   | Entered Level 1 of the Lair of Beasts
 12675 | Lair:1   | Noticed Grum
 12758 | Lair:1   | Killed Grum
 13154 | Lair:1   | Identified the +4 trident of Loton {venom, rPois Str+4}
 14380 | Lair:2   | Reached skill level 5 in Summonings
 14647 | Lair:2   | Noticed a skyshark
 14659 | Lair:2   | Killed a skyshark
 14660 | Lair:2   | Reached skill level 12 in Spellcasting
 14787 | Lair:2   | Found a staircase to the Snake Pit.
 15059 | Lair:2   | Found a staircase to the Shoals.
 15940 | Lair:3   | Noticed Urug
 15975 | Lair:3   | Killed Urug
 16658 | Lair:3   | Reached XP level 12. HP: 72/73 MP: 1/30
 17036 | Lair:3   | Noticed a seven-headed hydra
 17049 | Lair:3   | Killed a seven-headed hydra
 17050 | Lair:3   | Reached skill level 1 in Earth Magic
 17689 | Lair:3   | Reached skill level 13 in Spellcasting
 18427 | Lair:4   | Noticed a seven-headed hydra
 18438 | Lair:4   | Killed a seven-headed hydra
 18681 | Lair:4   | Noticed a four-headed hydra
 18688 | Lair:4   | Killed a four-headed hydra
 19235 | Lair:5   | Entered Level 5 of the Lair of Beasts
 19617 | D:10     | Found a staircase to the Orcish Mines.
 20089 | D:10     | Killed Josephine
 21140 | D:11     | Noticed a boulder beetle
 21172 | Orc:1    | Entered Level 1 of the Orcish Mines
 21173 | Orc:1    | Noticed an orc high priest
 21176 | Orc:1    | Killed an orc high priest
 21936 | Orc:2    | Entered Level 2 of the Orcish Mines
 21944 | Orc:2    | Noticed an orc high priest
 23243 | D:10     | Killed a boulder beetle
 23244 | D:10     | Reached skill level 14 in Spellcasting
 23495 | D:11     | Noticed a two-headed ogre
 23497 | D:11     | Reached XP level 13. HP: 80/80 MP: 27/33
 23499 | D:11     | Noticed Psyche
 23522 | D:10     | Paralysed by something for 3 turns
 23861 | D:10     | Killed Psyche
 24188 | D:10     | Learned a level 7 spell: Haunt
 25569 | Orc:1    | Learned a level 8 spell: Infestation
 25572 | Orc:2    | Noticed Azrael
 25583 | Orc:2    | Killed Azrael
 25691 | Orc:2    | Found Dagaegoz's Jewellery Boutique.
 25691 | Orc:2    | Found Uniyzupoph's Magic Scroll Shoppe.
 26162 | Orc:2    | Reached skill level 15 in Spellcasting
 26685 | Orc:2    | Found a staircase to the Elven Halls.
 26774 | Orc:2    | Found Hakhlum's General Store.
 26777 | Orc:2    | Found Seaquygg's General Store.
 27212 | Orc:2    | Bought a scroll of acquirement for 676 gold pieces
 27213 | Orc:2    | Bought a +6 ring of intelligence for 504 gold pieces
 27215 | Orc:2    | Acquired a staff of death
 27220 | Orc:2    | Bought a scroll of identify for 28 gold pieces
 27220 | Orc:2    | Bought 2 potions of curing for 84 gold pieces
 27228 | Orc:2    | Bought a scroll of identify for 26 gold pieces
 27228 | Orc:2    | Bought a scroll of identify for 26 gold pieces
 27228 | Orc:2    | Bought a scroll of identify for 26 gold pieces
 27228 | Orc:2    | Bought a scroll of identify for 26 gold pieces
 27228 | Orc:2    | Bought a scroll of identify for 26 gold pieces
 28061 | D:11     | Reached XP level 14. HP: 86/87 MP: 0/35
 28288 | D:11     | Got Sif Muna's Compendium of Spellbinding and Cinders
 28318 | D:11     | Reached skill level 10 in Fighting
 28322 | D:11     | Noticed a shadow dragon
 28326 | D:11     | a shadow dragon changed into an iron giant
 28326 | D:11     | Noticed an iron giant (glowing shapeshifter)
 28328 | D:11     | an iron giant changed into an acid blob
 28328 | D:11     | Noticed an acid blob (glowing shapeshifter)
 28328 | D:11     | Killed an acid blob
 29394 | D:12     | Noticed Frances
 29404 | D:12     | Killed Frances
 30256 | D:12     | Reached skill level 16 in Spellcasting
 30547 | D:13     | Noticed a shadow dragon
 30557 | D:13     | Reached skill level 15 in Necromancy
 30561 | D:13     | Identified the ring "Kaizan" {Fire Fly Str+2 Stlth+}
 30565 | D:13     | Killed a shadow dragon
 32043 | D:13     | Reached skill level 15 in Dodging
 32125 | D:13     | Identified the +4 great sword "Cioxur" {elec, Int+7}
 33024 | D:13     | Identified the +4 chain mail of Wokihur {Harm *Corrode Fly
                  | rC+}
 33037 | D:13     | Identified the ring of Xidetiv {rF+ rCorr Dex+4 Slay+2}
 33771 | D:14     | Found a bloodstained altar of Trog.
 33993 | D:14     | Found Zin's Purification Station.
 33998 | D:14     | Found a glowing silver altar of Zin.
 34001 | D:14     | Bought a potion of curing for 90 gold pieces
 34154 | D:14     | Noticed Louise
 34163 | D:14     | Killed Louise
 34464 | D:14     | Found a gate to the Vaults.
 34769 | D:14     | Learned a level 8 spell: Borgnjor's Revivification
 34794 | D:15     | Entered Level 15 of the Dungeon
 34811 | D:15     | Reached XP level 15. HP: 79/94 MP: 5/37
 34975 | D:15     | Found Ciogidau's Book Shop.
 35103 | D:15     | Reached skill level 17 in Spellcasting
 35344 | D:15     | Found a staircase to the Depths.
 35385 | D:15     | Bought Ypreen's Disquisition on the Congealing Entourage
                  | for 690 gold pieces
 37565 | Lair:5   | Reached skill level 1 in Evocations
 38031 | Lair:5   | Identified the +1 ring mail "Lameud" {Str+3 Int+3 Stlth-}
 38157 | Lair:5   | Found a staircase to the Slime Pits.
 38157 | Lair:5   | Found a viscous altar of Jiyva.
 38367 | Lair:5   | Identified the +1 robe "Rairray" {rElec rPois Str-4
                  | Archmagi}
 38884 | Snake:1  | Entered Level 1 of the Snake Pit
 38937 | Shoals:1 | Entered Level 1 of the Shoals
 39038 | Shoals:1 | Identified the +7 chain mail of Boredom {rElec SInv}
 39618 | Shoals:1 | Found Kocrece's Book Boutique.
 39637 | Shoals:1 | Reached skill level 10 in Summonings
 40139 | Shoals:1 | Identified the +4 scale mail of the Candlemaker {*Slow
                  | Dex+4}
 41365 | Shoals:2 | Reached skill level 18 in Spellcasting
 42100 | Shoals:2 | Reached XP level 16. HP: 93/101 MP: 13/40
 43452 | Shoals:3 | Reached skill level 5 in Evocations
 43671 | Shoals:3 | Found an opulent altar of Gozag.
 43795 | Shoals:4 | Entered Level 4 of the Shoals
 44005 | Shoals:4 | Paralysed by an air elemental for 1 turns
 44322 | Shoals:4 | Paralysed by an air elemental for 1 turns
 44787 | Shoals:4 | Identified the +1 dagger "Qinadghuy" {elec, Str+3}
 46174 | Shoals:4 | Identified the amulet of Ezxaxtes {Acrobat +Inv}
 46514 | Shoals:4 | Noticed a storm dragon
 46525 | Shoals:4 | Killed a storm dragon
 46759 | Shoals:4 | Got a barnacled rune of Zot
 46763 | Shoals:4 | Got the Anthology of the Limned Torch
 46764 | Shoals:4 | Identified the staff of conjuration "Qum Fadd" {+Blink
                  | rElec rF- rN++}
 47275 | Shoals:4 | Identified the +5 hand axe of Buiwuov {drain, Str+5}
 47684 | Shoals:4 | HP: 1/103 [water elemental (16)]
 48590 | Shoals:3 | Reached skill level 19 in Spellcasting
 48718 | Shoals:3 | Found an opulent altar of Gozag.
 50654 | Snake:1  | Reached XP level 17. HP: 103/103 MP: 23/42
 51914 | Snake:1  | Found Kelieps's Armour Shop.
 54769 | Snake:3  | Noticed Aizul
 54784 | Snake:3  | Killed Aizul
 55427 | Snake:3  | Found Jiokuy's General Store.
 55435 | Snake:3  | Bought a potion of curing for 51 gold pieces
 55435 | Snake:3  | Bought a scroll of immolation for 68 gold pieces
 55931 | Snake:3  | Reached skill level 20 in Spellcasting
 56776 | Snake:4  | Entered Level 4 of the Snake Pit
 56952 | Snake:4  | Found Cairr's Assorted Antiques.
 56965 | Snake:4  | Bought a potion of curing for 93 gold pieces
 56965 | Snake:4  | Bought a scroll of blinking for 232 gold pieces
 56965 | Snake:4  | Bought a wand of mindburst (3) for 130 gold pieces
 57250 | Snake:4  | Found Seaquygg's Weapon Shoppe.
 57448 | Snake:4  | Found Reemog's Assorted Antiques.
 57456 | Snake:4  | Bought a scroll labelled URETHR VOMUPUTH for 45 gold pieces
 57467 | Snake:4  | Noticed Vashnia
 57472 | Snake:4  | Killed Vashnia
 57473 | Snake:4  | Reached XP level 18. HP: 54/110 MP: 18/44
 57481 | Snake:4  | HP: 4/110 [poisoned by a black mamba]
 57481 | Snake:4  | Mangled by a black mamba

Illustrated notes

Levels and vault maps discovered:
D:1:      lemuel_arrival_broad_hall, layout_rooms
D:2:      layout_loops_ring
D:3:      layout_basic, gammafunk_temple_overflow_forgotten,
          cheibrodos_sewer_entry_drain, uniq_natasha
D:4:      layout_gridville, pdpol_wu_jian_five_deadly_venoms, serial_shops,
          nicolae_lakefront_shop, gammafunk_ghost_grave, feat_on_display
D:5:      layout_gridville
D:6:      layout_basic, minivault_5
D:7:      layout_loops_ring, minmay_temple_entry_antechambers, uniq_duvessa
D:8:      layout_loops_ring, gammafunk_ghost_hive, serial_bayou_lake_a
D:9:      layout_rooms, mainiacjoe_overflow_chevrons, david_lair_shrubbed
D:10:     layout_roguey, zombieorc2_lemuel, grunt_ministairs_13,
          kennysheep_just_a_vault, uniq_josephine
D:11:     minmay_complete_graph, layout_rooms, chequers_decorated_corner,
          uniq_psyche
D:12:     layout_gridville, uniq_frances
D:13:     minmay_strange_plus, layout_rooms
D:14:     layout_irregular_city, david_vaults_1, bloody_trog, zin_purify,
          uniq_louise
D:15:     grunt_enter_depths_hoard, layout_rooms, minmay_misc_feat_more_columns,
          serial_shops, nicolae_shop_stone
Temple:   minmay_crystal_spiral_temple
Lair:1:   layout_cave_pods, uniq_grum
Lair:2:   layout_chaotic_city, minmay_shoals_entry_hut,
          nicolae_snake_entry_squirm, minivault_27,
          chequers_serial_rivers_micro_e, cheibrodos_lair_reptile_den
Lair:3:   layout_chaotic_city, uniq_urug
Lair:4:   layout_cave_pods, worms_lemuel, lemuel_fruit_tree
Lair:5:   hangedman_lair_caniforms_friends, layout_small_grid, slime_entry_1,
          lemuel_fruit_fields
Shoals:1: layout_shoals, serial_shops, shop_statue
Shoals:2: layout_shoals
Shoals:3: layout_shoals, portal_ice_cave_entry_pillars_1,
          hangedman_feature_mirror, nicolae_shoals_hidden_pirate_stash
Shoals:4: shoals_end_hellmonk_storm_palace [storm_palace_center_square,
          storm_palace_corner_reverse_hut, storm_palace_corner_reverse_hut,
          storm_palace_corner_pillars, storm_palace_corner_blocked]
Snake:1:  layout_misc_corridors, serial_shops, shop, statue_in_the_mist_lemuel,
          nicolae_snake_salamander_zone
Snake:2:  layout_misc_corridors
Snake:3:  cheibrodos_snake_lava_hold, layout_basic, serial_shops, shop,
          uniq_aizul
Snake:4:  snake_pit_salamanders_mu, layout_onion, serial_shops,
          nicolae_square_shop, nicolae_shop_competitors_out_of_business,
          nicolae_square_shop, nicolae_shop_behind_doors,
          nicolae_snake_slithery_hallway, uniq_vashnia
Orc:1:    layout_caves, basic_altar
Orc:2:    st_orc_rangers, layout_caves, uniq_azrael

Skill      XL: |  1  2  3  4  5  6  7  8  9 10 11 12 13 14 15 16 17 |
---------------+----------------------------------------------------+-----
Necromancy     | 5 6 7 8 10 11 12 14 15 16 | 16.2
Dodging        | 3 4 5 6 7 9 10 11 12 14 15 16 17 18 | 18.8
Fighting       | 1 2 3 4 5 6 7 8 9 11 12 13 | 13.4
Spellcasting   | 4 5 6 8 10 11 12 14 15 16 18 19 20 | 20.3
Summonings     | 4 6 7 9 10 11 13 | 13.2
Earth Magic    | 2 |  2.9
Evocations     | 4 7 9 |  9.6
Stealth        | |  2.7

Action                     |  1- 3 |  4- 6 |  7- 9 | 10-12 | 13-15 | 16-18 || total
---------------------------+-------+-------+-------+-------+-------+-------++-------
  Melee: Unarmed           |     2 |       |       |       |       |       ||     2
         Mace              |     3 |    18 |   111 |   303 |    30 |       ||   465
         Punch             |       |       |     1 |     5 |       |     1 ||     7
         Staff             |       |       |       |       |   125 |    54 ||   179
   Cast: Necrotise         |    68 |   144 |   103 |    16 |       |       ||   331
         Vampiric Draining |       |     8 |   103 |   178 |    79 |    48 ||   416
         Borgnjor's Vile C |       |       |       |   122 |   159 |   202 ||   483
         Agony             |       |       |       |     2 |       |     1 ||     3
         Summon Lightning  |       |       |       |     7 |    27 |    14 ||    48
         Haunt             |       |       |       |       |   138 |   176 ||   314
         Infestation       |       |       |       |       |    23 |    22 ||    45
         Borgnjor's Revivi |       |       |       |       |       |     1 ||     1
 Invoke: Potion Petition   |       |       |     1 |     2 |     6 |    11 ||    20
  Evoke: Wand              |       |       |     2 |    10 |     5 |    10 ||    27
         Phantom mirror    |       |       |       |       |     2 |     2 ||     4
         Condenser vane    |       |       |       |       |     4 |     5 ||     9
    Use: Potion            |     1 |     1 |     9 |     4 |     5 |    10 ||    30
         Scroll            |       |     2 |       |    14 |    19 |     2 ||    37
   Stab: Distracted        |     1 |     1 |       |     3 |     5 |       ||    10
         Sleeping          |       |       |     2 |       |       |       ||     2
         Paralysed         |       |       |       |     4 |       |       ||     4
         Confused          |       |       |       |       |     1 |       ||     1
 Armour: Robe              |     8 |    27 |    47 |    65 |    86 |    38 ||   271
         Skin              |       |       |    16 |       |       |     1 ||    17
  Dodge: Dodged            |    26 |    61 |   222 |   755 |   391 |   252 ||  1707
  Block: Other             |       |       |       |    45 |    85 |    58 ||   188
         Reflection        |       |       |       |     2 |     9 |     9 ||    20

Table legend: (Time is in decaauts)
 A = Elapsed time spent in this place.
 B = Non-inter-level travel time spent in this place.
 C = Inter-level travel time spent in this place.
 D = Time resting spent in this place.
 E = Time spent auto-exploring this place.
 F = Levels seen in this place.
 G = Mean time per level.
                   A        B        C        D        E       F      G
               +--------+--------+--------+--------+--------+-----+--------+
         Total |  58241 |  55926 |   2315 |  14006 |  34591 |  32 | 1820.0 |
       Dungeon |  25159 |  24265 |    894 |   7540 |  13306 |  15 | 1677.3 |
        Temple |    187 |    145 |     42 |     84 |     52 |   1 |  187.0 |
          Lair |   9944 |   9380 |    564 |   1208 |   7165 |   5 | 1988.8 |
        Shoals |  10669 |  10220 |    449 |   2880 |   6080 |   4 | 2667.2 |
     Snake Pit |   7423 |   7345 |     78 |    993 |   5409 |   4 | 1855.8 |
  Orcish Mines |   3812 |   3526 |    286 |   1301 |   1692 |   2 | 1906.0 |
         Sewer |   1044 |   1044 |      0 |      0 |    886 |   1 | 1044.0 |
               +--------+--------+--------+--------+--------+-----+--------+

Top non-repeatable levels by time:
    D:10: 4979 daAuts
Shoals:4: 4535 daAuts
  Lair:2: 3361 daAuts
 Snake:3: 3188 daAuts
    D:12: 2710 daAuts
   Orc:1: 2449 daAuts
  Lair:5: 2233 daAuts
 Snake:1: 2221 daAuts
Shoals:3: 2107 daAuts
Shoals:1: 2014 daAuts
Shoals:2: 2011 daAuts
     D:9: 1860 daAuts
     D:8: 1759 daAuts
    D:11: 1748 daAuts
    D:15: 1660 daAuts
